 Dungeon Crawl Stone Soup version 0.32-a0-931-g5a2cda0630 (webtiles) character file.

Game seed: 16263026901772897658

2408 Meejax the Carver (level 9, -19/68 HPs)
             Began as a Demonspawn Gladiator on Apr 13, 2024.
             Was a Priest of Qazlal.
             Killed by an exploding butterfly (35 damage)
             ... ignited by their inner flame
             ... on level 6 of the Dungeon.
             The game lasted 00:13:13 (5888 turns).

Meejax the Carver (Demonspawn Gladiator)            Turns: 5888, Time: 00:13:13

Health: -19/68     AC: 11    Str: 17    XL:     9   Next: 23%
Magic:  9/9        EV: 15    Int:  9    God:    Qazlal [***...]
Gold:   687        SH:  8    Dex: 16    Spells: 8/8 levels left

rFire   . . .        a - +1 long sword (freeze)
rCold   . . .        (no shield)
rNeg    + . .        x - +2 ring mail {rN+}
rPois   .            (helmet restricted)
rElec   .            o - +1 cloak
rCorr   .            (no gloves)
SInv    .            y - +0 pair of boots
Will    .....        i - amulet of reflection
Stlth   +            (no ring)
HPRegen 0.31/turn    (no ring)
MPRegen 0.11/turn

%: reflection
@: no status effects
A: antennae 1, repulsion field 2, demonic guardian 2, powered by death 1
a: Renounce Religion, Upheaval, Elemental Force


You were on level 6 of the Dungeon.
You worshipped Qazlal.
Qazlal was most pleased with you.
You visited 2 branches of the dungeon, and saw 7 of its levels.

You collected 687 gold pieces.

Inventory:

Hand Weapons
 a - a +1 long sword of freezing (weapon)
Missiles
 d - 5 throwing nets (quivered)
 e - 6 javelins
Armour
 b - a +0 leather armour
 c - a +0 helmet
 o - a +1 cloak (worn)
 x - a +2 ring mail of positive energy (worn)
 y - a +0 pair of boots (worn)
Jewellery
 h - an amulet of the acrobat
 i - an amulet of reflection (around neck)
 v - a +6 ring of dexterity
Wands
 n - a wand of roots (6)
 t - a wand of polymorph (11)
 A - a wand of digging (4)
Scrolls
 f - 4 scrolls of teleportation
 j - 3 scrolls of identify
Potions
 g - 2 potions of curing
 k - a potion of brilliance
 l - 4 potions of enlightenment
 s - a potion of berserk rage
 u - a potion of degeneration {unknown}
 w - a potion of resistance {unknown}
 z - a potion of magic {unknown}


   Skills:
 + Level 5.3 Fighting
 + Level 8.2 Long Blades
 + Level 1.7 Throwing
 + Level 3.9 Armour
 + Level 5.1 Dodging
 + Level 3.2 Shields
 + Level 0.6 Invocations


You had 8 spell levels left.
You didn't know any spells.
Your spell library contained the following spells:

 Spells                   Type           Power      Damage    Failure   Level
 Cigotuvi's Dreadful Rot  Necr/Alch/Air  0%         N/A       71%         2
 Sigil of Binding         Hex            0%         N/A       91%         3
 Teleport Other           Tloc           0%         N/A       91%         3
 Ignite Poison            Fire/Alch      0%         N/A       100%        4
 Freezing Cloud           Conj/Ice/Air   0%         6-21      100%        5
 Death Channel            Necr           0%         N/A       100%        6
 Dispersal                Tloc           0%         N/A       100%        6
 Gell's Gavotte           Tloc           0%         2d(11-16) 100%        6
 Sculpt Simulacrum        Ice/Alch       0%         N/A       100%        6


Dungeon Overview and Level Annotations

Branches:
Dungeon (6/15)             Temple (1/1) D:4

Altars:
Ashenzari
Cheibriados
Dithmenos
Fedhas
Gozag
Hepliaklqana
Kikubaaqudgha
Nemelex Xobeh
Okawaru
Qazlal
Ru
Sif Muna
Trog
Uskayaw
Vehumet
Wu Jian
Xom
Yredelemnul

Shops:
D:6 !


Innate Abilities, Weirdness & Mutations

You have a pair of small antennae on your head.
You are surrounded by a moderate repulsion field. (EV +3)
A demonic guardian rushes to your aid.
You regenerate a little health from kills.


Message History

The fiery explosion engulfs your butterfly!!!
Your butterfly disappears in a burst of colours!
The fiery explosion engulfs your butterfly!!
Your butterfly disappears in a burst of colours!
Your butterfly explodes!
The fiery explosion engulfs your butterfly!!!
Your butterfly disappears in a burst of colours!
The fiery explosion engulfs your butterfly!!!
Your butterfly disappears in a burst of colours!
Your butterfly explodes! x2
The fiery explosion engulfs your butterfly!!
Your butterfly disappears in a burst of colours!
The fiery explosion engulfs your butterfly!!
Your butterfly disappears in a burst of colours!
Your butterfly explodes!
The fiery explosion engulfs your butterfly!!
Your butterfly disappears in a burst of colours!
The fiery explosion engulfs your butterfly!!
Your butterfly disappears in a burst of colours!
Your butterfly explodes!
The fiery explosion engulfs your butterfly!
Your butterfly disappears in a burst of colours!
The fiery explosion engulfs you!!
Your butterfly explodes!
The fiery explosion engulfs your butterfly!!
Your butterfly disappears in a burst of colours!
Your butterfly explodes!
The fiery explosion engulfs your butterfly!!
Your butterfly disappears in a burst of colours!
The fiery explosion engulfs you!!
* * * LOW HITPOINT WARNING * * *
Your butterfly explodes!
The fiery explosion engulfs the hound!!
Qazlal accepts your kill.
The hound explodes!
Your butterfly explodes! x6
Your demonic guardian avoids your attack.
Your butterfly explodes! x2
The fiery explosion engulfs you!!
Ouch! That really hurt!
You die...

#......# #.§§§§.#
§§§§§§## #§§§§§.#
#§§§§§§# #§§§§4§#
+§§§§§§# #§§@§§§######
##§#§§§§§...#
b§§#§§§§§...#
...§§#§§§§§...#
......§#§§§§....#
#############........#
#.............########
#####.............#
...##.............#


You could see a friendly hellwing (summoned, wandering).

Vanquished Creatures
  A steam dragon (D:6)
  An orc warrior (D:6)
  A sky beast (D:6)
  A centaur (D:6)
  A phantom (D:5)
  A kobold brigand (D:6)
  Blork the orc (D:6)
  4 scorpions
  2 howler monkeys
  A bombardier beetle (D:6)
  A jelly (D:5)
  6 orc priests
  11 hounds
  A gnoll bouda (D:3)
  7 iguanas
  2 orc wizards (D:6)
  6 gnolls
  9 adders
  2 ufetubi (D:6)
  2 ribbon worms
  9 dart slugs
  30 orcs
  10 endoplasms
  3 giant cockroaches
  6 goblins
  4 hobgoblins
  8 jackals
  9 kobolds
  9 quokkas
  7 ball pythons
  3 bats
  A frilled lizard (D:3)
  10 rats
170 creatures vanquished.

Vanquished Creatures (collateral kills)
  A sky beast (D:6)
  An ogre (D:6)
  3 scorpions (D:6)
  An orc wizard (D:5)
  2 orcs (D:5)
8 creatures vanquished.

Vanquished Creatures (others)
  A kobold (D:3)
1 creature vanquished.

Grand Total: 179 creatures vanquished

Notes
Turn   | Place    | Note
-------+----------+-------------------------------------------
     0 | D:1      | Meejax the Demonspawn Gladiator began the quest for the
                  | Orb.
     0 | D:1      | Reached XP level 1. HP: 16/16 MP: 1/1
    52 | D:1      | Reached skill level 3 in Long Blades
    65 | D:1      | Gained mutation: You regenerate a little health from kills.
                  | [demonic ancestry]
    65 | D:1      | Reached XP level 2. HP: 22/22 MP: 2/2
   378 | D:1      | Gained mutation: You are surrounded by a mild repulsion
                  | field. (EV +2) [demonic ancestry]
   378 | D:1      | Reached XP level 3. HP: 27/27 MP: 3/3
   745 | D:2      | Found a faded altar of an unknown god.
   976 | D:2      | Reached skill level 1 in Armour
  1080 | D:2      | Gained mutation: A weak demonic guardian rushes to your
                  | aid. [demonic ancestry]
  1080 | D:2      | Reached XP level 4. HP: 30/33 MP: 4/4
  1414 | D:3      | Reached skill level 4 in Long Blades
  1562 | D:3      | Found a broken altar of Ashenzari.
  2138 | D:4      | Found a staircase to the Ecumenical Temple.
  2147 | Temple   | Entered the Ecumenical Temple
  2206 | Temple   | Became a worshipper of Qazlal Stormbringer
  2553 | D:4      | Gained mutation: You have a pair of small antennae on your
                  | head. [demonic ancestry]
  2553 | D:4      | Reached XP level 5. HP: 31/39 MP: 5/5
  2840 | D:4      | Found an ancient bone altar of Kikubaaqudgha.
  3015 | Temple   | Reached * piety under Qazlal
  3016 | Temple   | Reached XP level 6. HP: 35/46 MP: 6/6
  3111 | D:3      | Reached skill level 1 in Shields
  3120 | D:4      | Reached skill level 5 in Long Blades
  3456 | D:5      | Entered Level 5 of the Dungeon
  3737 | D:5      | Gained mutation: A demonic guardian rushes to your aid.
                  | [demonic ancestry]
  3737 | D:5      | Reached XP level 7. HP: 39/52 MP: 7/7
  4559 | D:5      | Reached skill level 6 in Long Blades
  4742 | D:5      | Reached ** piety under Qazlal
  5078 | D:6      | Reached XP level 8. HP: 60/60 MP: 8/8
  5261 | D:6      | Noticed Blork the orc
  5267 | D:6      | Killed Blork the orc
  5293 | D:6      | Found Ylaf's Distillery.
  5476 | D:6      | Reached skill level 7 in Long Blades
  5604 | D:6      | Reached skill level 5 in Fighting
  5690 | D:6      | Gained mutation: You are surrounded by a moderate repulsion
                  | field. (EV +3) [demonic ancestry]
  5690 | D:6      | Reached XP level 9. HP: 68/68 MP: 9/9
  5705 | D:6      | Reached skill level 8 in Long Blades
  5741 | D:6      | Reached skill level 5 in Dodging
  5745 | D:6      | Reached *** piety under Qazlal
  5888 | D:6      | Killed by an exploding butterfly... ignited by their inner
                  | flame

Illustrated notes

Levels and vault maps discovered:
D:1:      amcnicky_arrival_wind_blow, layout_rooms, dk_noncrumbling_3,
          hangedman_decor_slide_cut, kennysheep_nondescript
D:2:      layout_rooms, ebering_ecumenical_altar_rust, nrook_uturn
D:3:      layout_loops_ring, nicolae_ashenzari_panopticon
D:4:      layout_basic, mainiacjoe_overflow_small_starburst,
          minmay_temple_entry_mist
D:5:      kennysheep_slugbush, layout_loops_corners,
          corexii_item_surrounded_by_moat, serial_library_hellmonk_small_alcove,
          minmay_strange_pillars, kennysheep_generic_room_10
D:6:      minmay_polygon_palace, layout_gridville, serial_shops,
          nicolae_shop_competitors_out_of_business, hex_medium,
          uniq_blork_the_orc
Temple:   mainiacjoe_temple_coin_purse

Skill      XL: |  1  2  3  4  5  6  7  8  9 |
---------------+----------------------------+-----
Long Blades    | 3 4 5 6 7 8 |  8.2
Dodging        | 3 4 5 |  5.1
Armour         | 1 2 3 |  3.9
Shields        | 1 2 3 |  3.2
Fighting       | 3 4 5 |  5.3
Throwing       | |  1.7
Invocations    | |  0.6

Action                     |  1- 3 |  4- 6 |  7- 9 || total
---------------------------+-------+-------+-------++-------
  Melee: Long sword        |   156 |   191 |   188 ||   535
 Invoke: Upheaval          |       |       |     1 ||     1
    Use: Scroll            |       |     9 |     5 ||    14
         Potion            |       |       |     6 ||     6
   Stab: Sleeping          |     1 |       |       ||     1
 Armour: Leather armour    |    78 |   110 |    21 ||   209
         Skin              |       |       |    14 ||    14
         Ring mail         |       |       |    87 ||    87
  Dodge: Dodged            |   166 |   175 |    90 ||   431
  Block: Other             |     7 |    57 |    90 ||   154
         Reflection        |     1 |     3 |     4 ||     8

Table legend: (Time is in decaauts)
 A = Elapsed time spent in this place.
 B = Non-inter-level travel time spent in this place.
 C = Inter-level travel time spent in this place.
 D = Time resting spent in this place.
 E = Time spent auto-exploring this place.
 F = Levels seen in this place.
 G = Mean time per level.
                   A        B        C        D        E       F      G
               +--------+--------+--------+--------+--------+-----+--------+
         Total |   6006 |   5751 |    255 |    444 |   3701 |   7 |  858.0 |
       Dungeon |   5824 |   5578 |    246 |    379 |   3701 |   6 |  970.7 |
        Temple |    182 |    173 |      9 |     65 |      0 |   1 |  182.0 |
               +--------+--------+--------+--------+--------+-----+--------+

Top non-repeatable levels by time:
     D:5: 1391 daAuts
     D:4: 1295 daAuts
     D:6: 1023 daAuts
     D:3: 781 daAuts
     D:1: 766 daAuts
     D:2: 565 daAuts
  Temple: 182 daAuts
